 Dungeon Crawl Stone Soup version 0.28.0-53-g5a82cb258f (webtiles) character file.

Game seed: 15296765488597490148

884 issech the Skirmisher (level 7, -1/61 (62) HPs)
             Began as a Minotaur Monk on June 4, 2022.
             Succumbed to a wight's poison
             ... on level 3 of the Dungeon.
             The game lasted 00:12:03 (3923 turns).

issech the Skirmisher (Minotaur Monk)               Turns: 3923, Time: 00:12:04

HP:   -1/61 (62)    AC:  6    Str: 16    XL:     7   Next: 76%
MP:   6/6           EV: 12    Int:  7    God:
Gold: 120           SH:  0    Dex: 14    Spells: 6/6 levels left

rFire   . . .      SeeInvis .   e - +2 dagger (venom)
rCold   + + .      Faith    .   (no shield)
rNeg    . . .      Spirit   .   o - +1 ring mail of Deveengu {Rampage Fly rC++ Stlth-}
rPois   .          Reflect  .   (helmet restricted)
rElec   .          Harm     .   (no cloak)
rCorr   .          Rampage  +   (no gloves)
Will    .....                   (no boots)
Stlth   +.........              p - amulet of regeneration
HPRegen 1.00/turn               (no ring)
MPRegen 0.10/turn               (no ring)

@: brilliant, lethally poisoned (-1 -> -5), flying, hasted, lightly drained,
very quick
A: horns 2, retaliatory headbutt
a: no special abilities


You were on level 3 of the Dungeon.
You visited 1 branch of the dungeon, and saw 4 of its levels.

You collected 120 gold pieces.

Inventory:

Hand Weapons
 a - a +0 hand axe
 c - a +0 hunting sling
 e - a +2 dagger of venom (weapon)
 q - a +2 dagger of protection
 r - a +0 dagger of speed
 C - a +1 dagger of speed
Missiles
 b - 6 curare-tipped darts
 g - 6 datura-tipped darts
 h - 191 stones
 i - 50 arrows
 j - 41 sling bullets
 m - 2 poisoned darts
 n - 19 bolts
 s - 7 boomerangs (quivered)
Armour
 o - the +1 ring mail of Deveengu (worn) {Rampage Fly rC++ Stlth-}
   (You found it on level 2 of the Dungeon)

   rC:        It greatly protects you from cold.
   Fly:       It grants you flight.
   Rampage:   It bestows one free step when moving towards enemies.
   Stlth:     It makes you less stealthy.
 y - a +0 chain mail
Jewellery
 p - an amulet of regeneration (around neck)
Scrolls
 d - 2 scrolls of noise {unknown}
 f - 3 scrolls of enchant armour {unknown}
 k - 2 scrolls of identify {unknown}
 t - a scroll of brand weapon {unknown}
 w - 2 scrolls of blinking {unknown}
 x - a scroll of vulnerability {unknown}
 B - a scroll of fear {unknown}
 E - a scroll of immolation {unknown}
 F - a scroll of teleportation {unknown}
Potions
 u - a potion of heal wounds {unknown}
 z - a potion of flight {unknown}
 A - a potion of cancellation {unknown}
 D - a potion of attraction {unknown}


   Skills:
 + Level 5.8 Fighting
 + Level 5.1 Short Blades
 + Level 4.1 Axes
 + Level 4.2 Armour
 + Level 5.2 Dodging
 + Level 3.0 Stealth


You had 6 spell levels left.
You didn't know any spells.
Your spell library contained the following spells:

 Spells                   Type           Power      Damage    Failure   Level
 Ensorcelled Hibernation  Hex/Ice        0%         N/A       77%         2
 Passwall                 Tmut/Erth      0%         N/A       77%         2
 Gell's Gravitas          Tloc           0%         N/A       94%         3
 Lesser Beckoning         Tloc           0%         N/A       94%         3
 Spider Form              Tmut/Pois      0%         N/A       94%         3
 Swiftness                Air            0%         N/A       94%         3
 Teleport Other           Tloc           0%         N/A       94%         3
 Anguish                  Hex/Necr       0%         N/A       100%        4


Dungeon Overview and Level Annotations

Branches:
Dungeon (4/15)
 Temple: D:4-7

Altars:
Dithmenos
Fedhas


Innate Abilities, Weirdness & Mutations

You have a pair of horns on your head.
You reflexively headbutt those who attack you in melee.


Message History

The wight is moderately damaged.
You feel very sick.
The wight hits you with a +0 trident of venom!
You feel drained.
You are more poisoned.
The wight hits you but does no damage.
You feel very sick. The wight closely misses you. You furiously retaliate!
You headbutt the wight, but do no damage.
The wight hits you from afar with a +1 trident.
You fly upwards.
You feel extremely sick.
There is a stone staircase leading down here.
You see here an adder skeleton.
You hit the wight.
The wight is heavily damaged.
You feel very sick.
You hit the wight but do no damage.
The wight is heavily damaged.
You feel sick. The wight closely misses you.
You hit the wight.
The wight is severely damaged.
You feel sick.
The wight hits you with a +0 trident of venom.
* * * LOW HITPOINT WARNING * * *
You are lethally poisoned!
You hit the wight. You punch the wight.
You destroy the wight!
* * * LOW HITPOINT WARNING * * *
You feel very sick.
* * * LOW HITPOINT WARNING * * *
You feel very sick.
Things that are here:
a +0 trident of venom; a +0 robe It was a potion of haste.
You feel yourself speed up.
* * * LOW HITPOINT WARNING * * *
You feel very sick.
It was a potion of brilliance.
You feel clever all of a sudden.
You die...

####### ##..@..## #####
##.>>....## ##### ....#
#..[......# #...# ....######
#.........# #...#
#.#......###.........# #...#
...........รท.........####...#
#.#......###................#
.........# ##.......####....#
.........# #.........##.....#


There were no monsters in sight!

Vanquished Creatures
  An ice beast (D:3)
  A black bear (D:4)
  A scorpion (D:3)
  4 wights
  A centaur zombie (D:3)
  A gnoll shaman (D:4)
  An orc priest (D:3)
  An iguana (D:4)
  3 orc wizards
  7 adders
  11 gnolls
  2 adder skeletons (D:4)
  A worm (D:2)
  A dart slug (D:1)
  10 orcs
  7 bats
  5 endoplasms
  A giant cockroach (D:2)
  13 hobgoblins
  2 jackals (D:1)
  2 quokkas
  9 ball pythons
  7 frilled lizards
  12 goblins
  7 kobolds
  7 rats
118 creatures vanquished.

Notes
Turn   | Place    | Note
-------+----------+-------------------------------------------
     0 | D:1      | issech the Minotaur Monk began the quest for the Orb.
     0 | D:1      | Reached XP level 1. HP: 19/19 MP: 0/0
   280 | D:1      | Reached XP level 2. HP: 24/27 MP: 1/1
   675 | D:1      | Found a faded altar of an unknown god.
   675 | D:1      | Noticed a reaper
   835 | D:1      | Reached XP level 3. HP: 33/33 MP: 2/2
   842 | D:1      | Reached skill level 1 in Short Blades
  1425 | D:2      | Reached XP level 4. HP: 23/41 MP: 3/3
  1617 | D:2      | Found a blossoming altar of Fedhas.
  1780 | D:2      | Identified the +1 ring mail of Deveengu {Rampage Fly rC++
                  | Stlth-}
  2311 | D:3      | Noticed an ice beast
  2323 | D:3      | Killed an ice beast
  2324 | D:3      | Reached XP level 5. HP: 42/47 MP: 4/4
  2346 | D:3      | Reached skill level 1 in Armour
  2465 | D:3      | Found a shadowy altar of Dithmenos.
  2616 | D:3      | Reached skill level 5 in Fighting
  2616 | D:3      | Reached XP level 6. HP: 49/56 MP: 5/5
  3076 | D:4      | Reached XP level 7. HP: 60/61 MP: 6/6
  3175 | D:4      | Reached skill level 5 in Dodging
  3859 | D:3      | Reached skill level 5 in Short Blades
  3921 | D:3      | HP: 3/61 [poisoned by a wight]
  3922 | D:3      | HP: 1/61 [poisoned by a wight]
  3923 | D:3      | Succumbed to a wight's poison

Illustrated notes

Levels and vault maps discovered:
D:1:      minmay_arrival_arboretum_small, layout_basic,
          dreamdust_ecumenical_altar_sealed_demon,
          chequers_serial_rivers_micro_b, minmay_misc_feat_five, minmay_unequal
D:2:      kennysheep_six_static_rooms, layout_basic, basic_altar
D:3:      layout_rooms, grunt_dithmenos_smoke_and_mirrors, serial_glass,
          glass_columns_a, glass_columns_b, minmay_misc_feat_rugged,
          kennysheep_generic_room_13
D:4:      layout_cave_pods, minmay_hedge_maze

Skill      XL: |  1  2  3  4  5  6  7 |
---------------+----------------------+-----
Fighting       | 4 5 |  5.8
Short Blades   | 1 2 3 4 5 |  5.1
Axes           | 4 |  4.1
Dodging        | 4 5 |  5.2
Stealth        | 2 3 |  3.0
Armour         | 1 2 4 |  4.2

Action                   |  1- 3 |  4- 6 |  7- 9 || total
-------------------------+-------+-------+-------++-------
Melee: Hand axe          |    20 |       |       ||    20
       Headbutt          |    12 |    28 |    26 ||    66
       Dagger            |    59 |   132 |    98 ||   289
       Punch             |     1 |       |     5 ||     6
Throw: Stone             |       |     3 |       ||     3
  Use: Potion            |       |       |     2 ||     2
 Stab: Sleeping          |     3 |     2 |       ||     5
Armor: Robe              |     7 |       |       ||     7
       Ring mail         |       |    54 |    25 ||    79
Dodge: Dodged            |    44 |    91 |    49 ||   184
